Map: Deathaura LE

Players

SKillous

  • Race: Protoss Protoss
  • League: Grandmaster
  • Spawn Location: 5:00

soul - Winner!

  • Race: Terran Terran
  • League: Grandmaster
  • Spawn Location: 11:00

Event: DreamHack SC2 Masters 2020 Summer Europe

VOD

Have the link to the VOD?

Description

Time

  • Played on: June 24, 2020, 10:29 a.m.
  • Length: 15:22

All games in this series

Show
View Real Time Build Order
Export as new Build Order

SKillous Protoss 

Build Orders: 1 Gate Expand, Phoenix Opening, Carriers, Colossus Rush 

Get SALT Encoding   

  12  0:01  Probe  
  13  0:13  Probe  
  14  0:18  Pylon  
  14  0:25  Probe  
  15  0:33  Probe  
  15  0:37  Gateway  
  15  0:41  Probe  
  16  0:46  Assimilator  
  17  0:51  Probe  
  18  1:03  Probe  
  19  1:15  Probe  
  20  1:26  Cybernetics Core  
  20  1:33  Nexus  
  20  1:37  Probe  
  21  1:44  Pylon  
  21  1:49  Assimilator  
  21  1:52  Adept, Probe  
  22  2:03  Probe  
  25  2:11  Probe  
  26  2:17  Stargate  
  26  2:22  Probe  
  26  2:29  Stalker  
  29  2:34  Probe  
  30  2:39  Warp Gate  
  30  2:42  Probe  
  30  2:46  Probe  
  30  2:50  Probe  
  32  2:56  Phoenix  
  34  2:58  Probe  
  34  3:00  Probe  
  37  3:10  Gateway, Probe  
  38  3:12  Probe  
  38  3:16  Phoenix  
  39  3:22  Probe  
  39  3:25  Probe  
  39  3:26  Pylon  
  43  3:34  Probe  
  43  3:37  Probe  
  43  3:41  Shield Battery  
  45  3:44  Phoenix  
  45  3:47  Assimilator, Probe  
  48  3:49  Assimilator, Probe  
  49  3:59  Robotics Facility, Probe  
  49  4:01  Probe  
  51  4:05  Phoenix  
  50  4:11  Probe, Pylon  
  50  4:13  Probe  
  54  4:29  Probe x2  
  56  4:31  Nexus  
  56  4:33  Pylon  
  56  4:40  Phoenix  
  56  4:41  Probe  
  56  4:44  Probe  
  57  4:54  Probe  
  58  5:01  Robotics Bay  
  58  5:02  Observer  
  58  5:03  Forge  
  58  5:05  Probe  
  59  5:10  Probe  
  61  5:15  Shield Battery  
  61  5:17  Probe  
  61  5:21  Immortal  
  62  5:22  Probe  
  62  5:26  Protoss Ground Weapons Level 1  
  62  5:27  Probe  
  62  5:28  Pylon  
  67  5:31  Probe  
  67  5:35  Probe  
  69  5:39  Probe x2  
  70  5:43  Probe  
  70  5:47  Probe x2  
  73  5:55  Probe  
  73  5:56  Probe  
  76  5:59  Colossus  
  81  6:04  Phoenix  
  81  6:05  Assimilator  
  81  6:08  Probe  
  81  6:09  Assimilator, Stargate  
  81  6:10  Probe  
  86  6:11  Probe  
  86  6:12  Sentry  
  86  6:17  Observer  
  88  6:20  Probe  
  88  6:22  Pylon, Probe  
  88  6:23  Probe  
  91  6:25  Photon Cannon  
  91  6:28  Phoenix  
  91  6:31  Extended Thermal Lance  
  93  6:36  Pylon  
  93  6:37  Pylon  
  93  6:40  Probe x3  
  93  6:43  Observer  
  93  6:45  Phoenix  
  96  6:47  Colossus  
  96  6:50  Pylon  
  96  6:52  Probe x3  
  101  6:55  Protoss Air Weapons Level 1  
  107  7:03  Pylon  
  107  7:05  Phoenix  
  109  7:09  Phoenix, Pylon  
  111  7:16  Photon Cannon, Phoenix  
  111  7:18  Photon Cannon  
  111  7:23  Pylon  
  110  7:30  Zealot  
  110  7:34  Colossus  
  110  7:35  Protoss Ground Armor Level 1  
  110  7:36  Phoenix, Fleet Beacon  
  116  7:48  Sentry  
  122  7:52  Probe  
  123  7:58  Photon Cannon, Phoenix  
  123  8:01  Photon Cannon, Nexus  
  123  8:04  Pylon  
  123  8:05  Phoenix  
  127  8:12  Pylon, Probe x2  
  129  8:14  Probe  
  129  8:18  Photon Cannon  
  130  8:24  Probe x2  
  130  8:26  Probe  
  132  8:29  Carrier  
  132  8:33  Carrier  
  132  8:37  Observer  
  145  8:47  Assimilator  
  145  8:50  Shield Battery  
  145  8:51  Photon Cannon, Assimilator  
  145  8:52  Photon Cannon  
  145  8:54  Photon Cannon  
  145  8:58  Stargate  
  143  9:04  Photon Cannon  
  136  9:11  Photon Cannon  
  136  9:15  Disruptor  
  136  9:20  Probe  
  136  9:22  Probe  
  136  9:23  Probe x2  
  140  9:25  Stargate  
  140  9:26  Carrier  
  140  9:29  Protoss Air Weapons Level 2, Robotics Facility  
  143  9:32  Carrier  
  143  9:34  Shield Battery  
  155  9:54  Protoss Shields Level 1, Disruptor  
  155  10:01  Photon Cannon x2  
  155  10:02  Pylon  
  158  10:13  Carrier  
  164  10:20  Disruptor  
  165  10:32  Carrier  
  167  10:36  Carrier  
  167  10:37  Nexus  
  165  10:45  Pylon  
  165  10:47  Twilight Council  
  171  10:57  Zealot x2  
  175  11:12  Photon Cannon  
  175  11:13  Photon Cannon  
  175  11:17  Carrier, Assimilator  
  181  11:19  Assimilator  
  179  11:36  Carrier  
  179  11:37  Carrier  
  179  11:39  Probe x2  
  185  11:51  Protoss Air Weapons Level 3  
  191  12:03  Protoss Shields Level 2  
  191  12:04  Shield Battery  
  191  12:09  Photon Cannon  
  191  12:11  Carrier  
  191  12:13  Photon Cannon  
  191  12:17  Dark Shrine  
  197  12:32  Zealot  
  197  12:37  Observer  
  197  12:49  Observer  
  197  13:04  Carrier  
  144  13:29  Probe  
  144  13:30  Probe  
  144  13:32  Probe  
  140  13:34  Carrier  
  140  13:35  Probe x2  
  140  13:40  Probe  
  140  13:41  Tempest  
  138  13:42  Probe x2  
  138  13:44  Pylon  
  138  13:46  Assimilator  
  138  13:47  Probe x2  
  143  13:51  Probe  
  143  13:53  Stargate  
  143  13:54  Probe  
  143  13:55  Tempest, Stargate  
  150  13:58  Tempest  
  150  14:01  Dark Templar x2  
  159  14:10  Photon Cannon  
  167  14:20  Probe  
  167  14:23  Tempest  
  173  14:24  Photon Cannon  
  173  14:34  Photon Cannon  
  173  14:35  Photon Cannon  
  173  14:36  Photon Cannon  
  173  14:38  Tempest x2  
  173  15:06  Stalker x2  
Show
View Real Time Build Order
Export as new Build Order

soul Terran - Winner!

Build Orders:  

Get SALT Encoding   

  12  0:01  SCV  
  13  0:13  SCV  
  14  0:17  Supply Depot  
  14  0:25  SCV  
  15  0:38  SCV  
  15  0:40  Barracks  
  16  0:45  Refinery  
  16  0:51  SCV  
  17  1:03  SCV  
  18  1:15  SCV  
  19  1:27  Orbital Command, Marine  
  20  1:43  Command Center  
  20  1:53  SCV  
  21  1:57  Factory  
  21  2:02  Refinery  
  21  2:04  Barracks Reactor  
  21  2:08  SCV  
  21  2:14  Bunker  
  22  2:20  Supply Depot  
  23  2:22  SCV  
  23  2:42  Starport, SCV  
  24  2:48  Hellion x2  
  28  2:58  Orbital Command  
  28  3:02  SCV  
  29  3:14  SCV  
  29  3:16  Widow Mine x2  
  29  3:19  Medivac  
  36  3:22  Barracks Tech Lab  
  36  3:25  SCV  
  37  3:27  SCV  
  37  3:31  Supply Depot  
  38  3:37  SCV  
  38  3:39  SCV  
  40  3:50  Cyclone, SCV  
  40  3:51  Marine  
  40  3:52  Marine, SCV  
  40  3:55  Viking  
  49  4:02  SCV  
  46  4:04  Supply Depot, SCV  
  47  4:10  Marine x2  
  47  4:14  SCV  
  47  4:15  Supply Depot  
  47  4:16  SCV  
  51  4:26  SCV  
  51  4:28  SCV  
  53  4:34  Command Center  
  53  4:35  Siege Tank  
  53  4:38  SCV  
  57  4:40  SCV  
  57  4:41  Marine  
  59  4:50  SCV  
  59  4:52  SCV  
  61  4:57  Armory  
  61  4:58  Supply Depot, Viking  
  61  5:01  Marine  
  61  5:02  SCV  
  61  5:07  Marine  
  61  5:08  Cyclone  
  61  5:09  Supply Depot  
  65  5:15  Refinery x2, SCV, Barracks  
  65  5:20  SCV  
  67  5:25  Engineering Bay  
  67  5:27  SCV  
  68  5:29  Engineering Bay  
  68  5:32  SCV  
  68  5:33  Supply Depot  
  68  5:39  Marine, SCV  
  68  5:40  Marine  
  71  5:44  SCV, Drilling Claws  
  71  5:46  Widow Mine  
  71  5:51  SCV  
  71  5:56  SCV  
  72  5:57  Marine, Terran Infantry Weapons Level 1, Terran Infantry Armor Level 1  
  72  6:01  Marine  
  72  6:04  SCV  
  75  6:08  Orbital Command, Widow Mine, SCV  
  78  6:12  Barracks Tech Lab  
  78  6:15  Marine  
  78  6:16  SCV  
  80  6:20  SCV  
  80  6:22  Barracks x2  
  81  6:27  Orbital Command, Medivac  
  81  6:30  Widow Mine  
  81  6:31  Barracks  
  85  6:33  Stimpack, Missile Turret  
  85  6:38  SCV x2  
  87  6:46  Supply Depot x2  
  87  6:50  Marine x2, SCV x2  
  87  6:51  Marine  
  92  6:56  SCV  
  92  6:59  Missile Turret  
  92  7:01  Starport Reactor  
  93  7:02  SCV x2  
  93  7:08  Supply Depot, SCV  
  96  7:14  SCV x2  
  98  7:17  Barracks Reactor, Barracks Tech Lab  
  98  7:20  SCV, Barracks Tech Lab  
  98  7:22  Marauder, Marine  
  102  7:26  SCV x2  
  102  7:29  Marine  
  104  7:32  SCV  
  104  7:36  Refinery x2  
  106  7:38  Marauder, SCV x2  
  106  7:39  Marine  
  106  7:41  Supply Depot  
  106  7:42  Supply Depot  
  106  7:43  Marauder  
  106  7:44  Marauder, SCV  
  115  7:46  Medivac x2  
  115  7:47  Marine  
  115  7:50  SCV  
  122  8:00  Starport, Factory Reactor  
  122  8:01  SCV  
  122  8:05  Marauder, Missile Turret  
  125  8:06  Terran Ship Weapons Level 1  
  125  8:08  Terran Infantry Armor Level 2  
  125  8:10  Command Center  
  125  8:15  Marine  
  125  8:16  Marauder, Marine  
  125  8:17  Marauder  
  125  8:18  Marine  
  132  8:23  Viking  
  132  8:26  Marauder, Viking  
  136  8:29  Armory  
  136  8:36  Missile Turret  
  136  8:37  Marauder, SCV  
  136  8:39  Marauder, Marine  
  136  8:40  SCV  
  143  8:45  SCV  
  143  8:46  Missile Turret  
  143  8:47  Marauder  
  145  8:49  SCV  
  146  8:56  Ghost Academy  
  146  8:57  Refinery, Viking  
  146  8:58  Refinery  
  148  9:03  Supply Depot x2  
  148  9:13  Viking  
  148  9:14  Viking  
  148  9:16  Viking  
  148  9:20  Starport  
  148  9:22  Starport, Planetary Fortress, Fusion Core  
  148  9:24  SCV  
  149  9:25  Enhanced Shockwaves  
  149  9:27  Viking  
  149  9:29  Combat Shield, Concussive Shells  
  149  9:30  Marine  
  152  9:31  Marauder  
  152  9:41  Terran Vehicle And Ship Armor Level 1  
  152  9:45  Starport  
  150  9:54  Command Center  
  150  9:55  Command Center, Viking  
  150  9:56  Viking  
  85  10:00  Starport Tech Lab, Viking  
  154  10:03  Terran Ship Weapons Level 2  
  156  10:08  Viking  
  156  10:11  Weapon Refit  
  153  10:31  Starport Tech Lab, Battlecruiser  
  159  10:39  Viking  
  159  10:40  Viking x2  
  165  10:45  SCV x2  
  167  10:51  Command Center  
  167  10:52  Command Center  
  167  10:57  Battlecruiser  
  173  11:10  Orbital Command, Medivac x2  
  177  11:14  Ghost  
  177  11:17  Ghost  
  180  11:21  Ghost  
  182  11:32  Missile Turret  
  182  11:33  Marine x4  
  186  11:43  Battlecruiser  
  194  11:47  Missile Turret  
  194  11:48  Missile Turret  
  194  11:49  Missile Turret  
  194  11:52  Battlecruiser  
  194  12:04  Battlecruiser  
  187  12:08  Refinery  
  187  12:09  Orbital Command, Planetary Fortress  
  187  12:10  Refinery  
  187  12:17  Terran Infantry Weapons Level 2  
  187  12:32  Missile Turret x2  
  187  12:33  Missile Turret x2  
  187  12:34  Missile Turret  
  187  12:39  Viking  
  188  12:47  Terran Vehicle And Ship Armor Level 2, Battlecruiser  
  188  12:50  Marauder x3  
  200  12:57  Viking x2  
  188  13:06  Battlecruiser  
  172  13:21  Battlecruiser  
  172  13:24  Marine  
  172  13:25  Marine x3  
  172  13:26  Marauder, Marine  
  174  13:35  Marauder  
  176  13:42  Marine  
  176  13:44  SCV x3  
  176  13:48  Ghost x2  
  178  13:49  Viking  
  178  13:50  Marine  
  178  13:51  Orbital Command  
  178  13:55  Ghost  
  183  13:56  SCV x2  
  183  14:00  Supply Depot  
  183  14:01  Supply Depot  
  187  14:03  SCV  
  187  14:05  Missile Turret  
  188  14:16  Ghost  
  196  14:30  Marauder  
  192  14:55  Marine x3  
  192  14:56  Marauder  
Tags
 
Add a new tag
Caveats
  • Supply blocks, unpowered buildings, or Contaminate may cause inaccurate times.
  • Supply counts are checked every 10 seconds.